 Dungeon Crawl Stone Soup version 0.29.1-15-g9cfb28693d (webtiles) character file.

Game seed: 15841561304343997899

148 Hugehornet the Trooper (level 4, -5/38 HPs)
             Began as a Demigod Fighter on Apr 2, 2023.
             Slain by an orc wizard
             ... wielding a +1 dagger of distortion
              (7 damage)
             ... on level 3 of the Dungeon.
             The game lasted 00:04:44 (2804 turns).

Hugehornet the Trooper (Demigod Fighter)            Turns: 2804, Time: 00:04:44

Health: -5/38      AC:  6    Str: 17    XL:     4   Next: 82%
Magic:  7/7        EV:  9    Int: 14    God:
Gold:   137        SH:  5    Dex: 13    Spells: 3/4 levels left

rFire   . . .      SeeInvis .   a - +0 war axe
rCold   . . .      Faith    .   c - +0 buckler
rNeg    . . .      Spirit   .   b - +0 scale mail
rPois   .          Reflect  .   (no helmet)
rElec   .          Harm     .   m - scarf {shadows}
rCorr   .          Rampage  .   (no gloves)
Will    .....                   (no boots)
Stlth   ..........              (no amulet)
HPRegen 0.12/turn               (no ring)
MPRegen 0.10/turn               (no ring)

@: attractive
A: high MP 1, forlorn, divine attributes
a: no special abilities


You were on level 3 of the Dungeon.
You visited 1 branch of the dungeon, and saw 3 of its levels.

You collected 137 gold pieces.

Inventory:

Hand Weapons
 a - a +0 war axe (weapon)
Missiles
 n - a throwing net (quivered)
Armour
 b - a +0 scale mail (worn)
 c - a +0 buckler (worn)
 m - a scarf of shadows (worn)
Jewellery
 x - a ring of ice
Wands
 v - a wand of charming (2)
Scrolls
 e - 2 scrolls of vulnerability {unknown}
 g - a scroll of identify {unknown}
 j - a scroll of enchant weapon {unknown}
 k - a scroll of teleportation {unknown}
 l - a scroll of blinking {unknown}
 o - 2 scrolls of poison {unknown}
 r - a scroll of immolation {unknown}
 s - a scroll of silence {unknown}
 w - a scroll of summoning {unknown}
Potions
 d - a potion of might
 f - a potion of attraction
 h - a potion of berserk rage {unknown}
 i - 2 potions of haste {unknown}
 p - a potion of cancellation {unknown}
 q - a potion of heal wounds {unknown}
 t - a potion of lignification {unknown}
 u - a potion of resistance {unknown}


   Skills:
 - Level 3.3 Fighting
 - Level 2.6 Axes
 - Level 3.3 Armour
 - Level 3.3 Shields
 + Level 0.6 Spellcasting
 * Level 1.3 Conjurations


You had 3 spell levels left.
You knew the following spells:

 Your Spells              Type           Power      Damage    Failure   Level
a - Magic Dart            Conj           16%        1d3       56%         1

Your spell library contained the following spells:

 Spells                   Type           Power      Damage    Failure   Level
 Necrotise                Necr           0%         1d4       77%         1
 Call Imp                 Summ           0%         N/A       88%         2
 Mephitic Cloud           Conj/Pois/Air  1%         N/A       96%         3
 Vampiric Draining        Necr           0%         2d6       98%         3
 Agony                    Necr           0%         N/A       100%        5


Dungeon Overview and Level Annotations

Branches:
Dungeon (3/15)


Innate Abilities, Weirdness & Mutations

You have an increased reservoir of magic. (+10% MP)
You shall have no god before yourself.
Your divine heritage dramatically boosts your attributes as you level up.


Message History

The puff of flame hits you!
You are too injured to fight recklessly!
The orc attacks as you move away! The orc hits you but does no damage.
The orc attacks as you move away! The orc hits you with a +0 mace.
The orc attacks as you move away! The orc hits you but does no damage.
The orc wizard casts a spell.
The orc wizard flickers and vanishes!
Deactivating autopickup; reactivate with Ctrl-A.
The orc attacks as you move away! The orc closely misses you.
The orc attacks as you move away! The orc closely misses you.
You are too injured to fight recklessly!
You are too injured to fight recklessly!
You slash the orc!
You kill the orc!
You hit the orc.
The orc is heavily wounded.
The orc hits you with a +0 dagger.
You slash the orc!
You kill the orc!
You closely miss something.
You hear some strange, mumbled words.
A puff of flame appears from out of thin air!
The puff of flame hits you.
* * * LOW HITPOINT WARNING * * *
You closely miss something. Something hits you but does no damage.
You blink.
Something hits you but does no damage.
You blink.
You hit the orc.
The orc is almost dead.
The orc hits you but does no damage. Something hits you.
* * * LOW HITPOINT WARNING * * *
Space warps around you.
* * * LOW HITPOINT WARNING * * *
Items here: )) [ †.
It was a potion of attraction.
You feel attractive to monsters. Something hits you.
* * * LOW HITPOINT WARNING * * *
Space warps around you!
You die...

#.#.# ######## #.#.##
.........#
.##....##.## #.#
............ #.#
.###...##.## #.#
.###...##.# #.#
..........# #.#
####...#### #####.#
####...# #..@.o#
.<.....#####.#.#####
###..........#.##
##.......#####o.##
#.........####...####
'.........+.....{...#
#.........####...=..#
##.......## ##.#...#
##.....## ####>##


You could see an orc.

Vanquished Creatures
  Ijyb (D:3)
  A gnoll (D:1)
  5 adders
  4 worms (D:2)
  2 dart slugs
  3 orcs (D:3)
  4 ball pythons
  3 bats
  3 endoplasms
  2 giant cockroaches (D:1)
  2 hobgoblins (D:1)
  3 jackals (D:1)
  5 quokkas
  3 frilled lizards
  3 goblins
  4 kobolds
  7 rats
55 creatures vanquished.

Notes
Turn   | Place    | Note
-------+----------+-------------------------------------------
     0 | D:1      | Hugehornet the Demigod Fighter began the quest for the Orb.
     0 | D:1      | Reached XP level 1. HP: 18/18 MP: 3/3
   210 | D:1      | Reached XP level 2. HP: 25/25 MP: 4/4
   776 | D:1      | Reached XP level 3. HP: 31/31 MP: 5/5
  1630 | D:2      | Reached XP level 4. HP: 38/38 MP: 6/6
  2047 | D:2      | Learned a level 1 spell: Magic Dart
  2270 | D:3      | Noticed Ijyb
  2292 | D:3      | Killed Ijyb
  2293 | D:3      | Reached skill level 1 in Conjurations
  2595 | D:3      | Identified the +2 robe of Charity {rN++}
  2804 | D:3      | Slain by an orc wizard

Illustrated notes

Levels and vault maps discovered:
D:1:      lemuel_arrival_muddy, layout_basic, ebering_ecumenical_altar_mist
D:2:      layout_loops_ring, kennysheep_another_room,
          minmay_misc_feat_four_crosses
D:3:      layout_loops_corners, uniq_ijyb

Skill      XL: |  1  2  3  4 |
---------------+-------------+-----
Axes           | 2 |  2.6
Fighting       | 3 |  3.3
Armour         | 3 |  3.3
Shields        | 3 |  3.3
Conjurations   | 1 |  1.3
Spellcasting   | |  0.6

Action                   |  1- 3 |  4- 6 || total
-------------------------+-------+-------++-------
Melee: War axe           |   116 |    75 ||   191
  Use: Potion            |       |     1 ||     1
Armor: Scale mail        |    51 |    29 ||    80
Dodge: Dodged            |    49 |    32 ||    81
Block: Buckler           |    34 |    17 ||    51
